 Dungeon Crawl Stone Soup version 0.20.0 (webtiles) character file.

1753 Danakh the Skirmisher (level 8, -1/64 HPs)
             Began as a Demonspawn Fighter on May 28, 2017.
             Was a Believer of Sif Muna.
             Slain by an orc warrior
             ... wielding a +0 trident
              (6 damage)
             ... on level 7 of the Dungeon.
             The game lasted 00:26:57 (6477 turns).

Danakh the Skirmisher (Demonspawn Fighter)          Turns: 6477, Time: 00:26:58

Health: -1/64      AC: 15    Str: 22    XL:     8   Next: 78%
Magic:  14/14      EV: 10    Int: 14    God:    Sif Muna [**....]
Gold:   104        SH: 10    Dex:  9    Spells: 15/15 levels left

rFire    + . .     SeeInvis +   z - +9 mace of Anleicsy {crush, rElec rF+ Stlth-}
rCold    . . .     Gourm    +   c - +0 shield
rNeg     . . .     Faith    .   A - +6 scale mail of the City {Str+4 Int+3 Dex-3}
rPois    .         Spirit   .   (no helmet)
rElec    +         Reflect  .   (no cloak)
rCorr    .         Harm     .   k - +1 pair of gloves
MR       .....                  (boots unavailable)
Stlth    ..........             o - amulet of the gourmand
Regen    0.2/turn               r - ring of see invisible
MPRegen  0.2/turn               h - ring of flight

@: slowed, very slow
A: hooves 3, repulsion field 1
a: Divine Energy, Renounce Religion, Evoke Flight


You were on level 7 of the Dungeon.
You worshipped Sif Muna.
Sif Muna was pleased with you.
You were hungry.

You visited 1 branch of the dungeon, and saw 7 of its levels.

You collected 329 gold pieces.
You spent 225 gold pieces at shops.

Inventory:

Hand Weapons
 a - a +1 war axe
 z - the +9 mace of Anleicsy (weapon) {crush, rElec rF+ Stlth-}
   (You found it on level 5 of the Dungeon)

   It inflicts extra damage upon your enemies.
   It protects you from fire.
   It insulates you from electricity.
   It makes you less stealthy.
Armour
 b - a +0 scale mail
 c - a +0 shield (worn)
 j - a +0 chain mail
 k - a +1 pair of gloves (worn)
 m - a +2 buckler
 y - a +0 plate armour
 A - the +6 scale mail of the City (worn) {Str+4 Int+3 Dex-3}
   (You bought it in a shop on level 6 of the Dungeon)

   It affects your strength (+4).
   It affects your intelligence (+3).
   It affects your dexterity (-3).
Jewellery
 h - a ring of flight (right hand)
 o - an amulet of the gourmand (around neck)
 r - a ring of see invisible (left hand)
 t - an uncursed ring of ice
Wands
 u - a wand of confusion (25/48)
 x - a wand of iceblast (6/15)
Scrolls
 g - 2 scrolls of amnesia
 q - 3 scrolls of enchant weapon
 s - 2 scrolls of immolation
 w - a scroll of enchant armour
 B - a scroll of fog
 D - a scroll of magic mapping
Potions
 d - a potion of might
 e - 4 potions of agility
 n - 2 potions of mutation
 p - 2 potions of ambrosia
 v - 2 potions of haste
 E - a potion of berserk rage {unknown}
Comestibles
 f - 4 bread rations
 i - 5 royal jellies
 l - 3 fruits


   Skills:
 + Level 5.8 Fighting
 - Level 4.8 Axes
 + Level 5.2 Armour
 + Level 5.6 Shields
 + Level 4.2 Spellcasting


You had 15 spell levels left.
You didn't know any spells.

Dungeon Overview and Level Annotations

Branches:
Dungeon (7/15)             Temple (0/1) D:5

Altars:
Cheibriados
Dithmenos
Hepliaklqana
Kikubaaqudgha
Makhleb
Okawaru
Sif Muna
Zin

Shops:
D:4 (   D:6 [   D:7 [[


Innate Abilities, Weirdness & Mutations

You have hooves in place of feet.
You are surrounded by a mild repulsion field. (EV +2)


Message History

You kick the orc wizard, but do no damage.
The orc wizard is severely wounded.
The orc wizard casts a spell.
The orc wizard blinks!
You block the orc warrior's attack.
The orc wizard points at you and mumbles some strange words.
You resist with some effort.
The orc warrior hits you from afar with a trident!
The orc wizard casts a spell at you. The puff of flame hits you! You resist.
* * * LOW HITPOINT WARNING * * *
You hit the orc wizard.
You kill the orc wizard!
The orc warrior hits you from afar with a trident!
* * * LOW HITPOINT WARNING * * *
The orc wizard casts a spell.
The orc wizard blinks!
You block the orc's attack.
The orc wizard gestures wildly while chanting.
The orc wizard blinks!
The orc warrior hits you from afar with a trident.
You die...

#...⌠...#
#..#.####....
#.......# ##.#..#
#....
#.......###..#.##
##...
##......##..##.#
#...
###.....#.###.#
#..# #####..## #.#
#### ##..# #.#
#...## #.# ##@#..#
#.#
#########o###.###.#
##.<...##o.#
#..##.#
#.......§.##
##.##.# #.......§##
#.##.# ##.........#
#.##.##
#........o.##
#.##..#
#....o......##
#.###.#
#............#
#.##..# #


You could see an orc warrior, an orc wizard and an orc.

Vanquished Creatures
  A kobold demonologist (D:7)
  A water moccasin (D:5)
  A centaur (D:5)
  A gnoll sergeant (D:4)
  A bullfrog (D:7)
  A scorpion (D:4)
  2 howler monkeys
  5 wights (D:6)
  A crimson imp (D:5)
  A hound (D:4)
  3 jellies
  An orc priest (D:4)
  6 orc wizards
  Ijyb (D:5)
  3 iguanas
  4 worker ants
  A howler monkey skeleton (D:5)
  3 gnolls
  10 adders
  2 shadow imps
  An adder skeleton (D:6)
  6 worms
  5 dart slugs
  2 leopard geckos
  23 orcs
  A ball python (D:2)
  3 bats
  3 giant cockroaches
  11 goblins
  8 hobgoblins
  14 jackals
  14 kobolds
  2 quokkas
  7 frilled lizards
  A quokka skeleton (D:3)
  9 rats
159 creatures vanquished.

Notes
Turn   | Place    | Note
-------+----------+-------------------------------------------
     0 | D:1      | Danakh the Demonspawn Fighter began the quest for the Orb.
     0 | D:1      | Reached XP level 1. HP: 18/18 MP: 1/1
    66 | D:1      | Gained mutation: You have large cloven feet. [demonic ancestry]
    66 | D:1      | Reached XP level 2. HP: 24/24 MP: 2/2
   416 | D:1      | Reached XP level 3. HP: 21/29 MP: 3/3
   921 | D:2      | Reached XP level 4. HP: 15/35 MP: 4/4
   963 | D:2      | Found a faded altar of an unknown god.
   971 | D:2      | Became a worshipper of Sif Muna the Loreminder
   971 | D:2      | Reached * piety under Sif Muna
  1815 | D:3      | Gained mutation: You have hoof-like feet. [demonic ancestry]
  1815 | D:3      | Reached XP level 5. HP: 33/42 MP: 5/5
  2022 | D:3      | Found a glowing silver altar of Zin.
  2030 | D:3      | Found a burning altar of Makhleb.
  2033 | D:3      | Found an ancient bone altar of Kikubaaqudgha.
  2302 | D:3      | Found a hazy altar of Hepliaklqana.
  2304 | D:3      | Found an iron altar of Okawaru.
  2379 | D:4      | Found Koschap's Weapon Shoppe.
  2437 | D:4      | Reached skill level 1 in Spellcasting
  2595 | D:4      | Gained mutation: You have hooves in place of feet. [demonic ancestry]
  2595 | D:4      | Reached XP level 6. HP: 22/48 MP: 7/7
  2904 | D:4      | Reached ** piety under Sif Muna
  3396 | D:5      | Entered Level 5 of the Dungeon
  3434 | D:5      | Gained mutation: You are surrounded by a mild repulsion field. (EV +2) [demonic ancestry]
  3434 | D:5      | Reached XP level 7. HP: 44/54 MP: 8/10
  4264 | D:5      | Noticed Ijyb
  4282 | D:5      | Killed Ijyb
  4429 | D:5      | Found a staircase to the Ecumenical Temple.
  4452 | D:5      | Got a bone mace
  4453 | D:5      | Identified the +9 mace of Anleicsy {crush, rElec rF+ Stlth-} (You found it on level 5 of the Dungeon)
  4464 | D:5      | Found a shadowy altar of Dithmenos.
  5119 | D:6      | Found a snail-covered altar of Cheibriados.
  5152 | D:6      | Reached XP level 8. HP: 57/61 MP: 12/12
  5156 | D:6      | Reached skill level 5 in Fighting
  5492 | D:6      | Found Imynist's Antique Armour Shoppe.
  5495 | D:6      | Bought a spiked scale mail for 225 gold pieces
  5505 | D:6      | Identified the +6 scale mail of the City {Str+4 Int+3 Dex-3} (You bought it in a shop on level 6 of the Dungeon)
  5700 | D:7      | Reached skill level 5 in Shields
  5711 | D:7      | Found Lellall's Armour Shop.
  5884 | D:7      | Found Quniyfol's Antique Armour Boutique.
  5942 | D:7      | Noticed a kobold demonologist
  5959 | D:7      | Noticed a soul eater
  5965 | D:7      | Killed a kobold demonologist
  5965 | D:7      | Reached skill level 5 in Armour
  6477 | D:7      | Slain by an orc warrior

Skill      XL: |  1  2  3  4  5  6  7  8 |
---------------+-------------------------+-----
Axes           | 2 3 4 |  4.8
Shields        | 3 4 5 |  5.6
Armour         | 3 4 5 |  5.2
Spellcasting   | 1 2 3 4 |  4.2
Fighting       | 4 5 |  5.8

Action                   |  1- 3 |  4- 6 |  7- 9 || total
-------------------------+-------+-------+-------++-------
Melee: War axe           |   130 |   253 |    43 ||   426
       Kick              |     5 |    16 |    42 ||    63
       Mace              |       |       |   103 ||   103
  Use: Potion            |     1 |     2 |     1 ||     4
       Scroll            |       |    11 |     5 ||    16
  Eat: Chunk             |       |     8 |     9 ||    17
       Fruit             |       |       |     1 ||     1
Armor: Scale mail        |    35 |       |    21 ||    56
       Chain mail        |    66 |   153 |    22 ||   241
       Plate armour      |       |       |    29 ||    29
Dodge: Dodged            |    43 |    62 |    34 ||   139
Block: Shield            |    79 |   138 |    68 ||   285
